 Dungeon Crawl Stone Soup version 0.30.1-9-gdf580d7c3d (webtiles) character file.

Game seed: 4618897286689514672

342 lonewolfV2 the Shield-Bearer (level 6, -1/49 HPs)
             Began as a Formicid Fighter on Oct 11, 2023.
             Killed from afar by Ijyb (6 damage)
             ... with a puff of flame
             ... on level 5 of the Dungeon.
             The game lasted 00:03:22 (2904 turns).

lonewolfV2 the Shield-Bearer (Formicid Fighter)     Turns: 2904, Time: 00:03:23

Health: -1/49      AC:  7    Str: 20    XL:     6   Next: 88%
Magic:  6/6        EV: 10    Int:  8    God:
Gold:   172        SH:  5    Dex: 15    Spells: 5/5 levels left

rFire   . . .        a - +1 war axe
rCold   . . .        c - +0 buckler
rNeg    . . .        b - +0 scale mail
rPois   .            (helmet unavailable)
rElec   .            (no cloak)
rCorr   .            (no gloves)
SInv    +            (no boots)
Will    .....        (no amulet) Stlth
                     (no ring)
HPRegen 0.28/turn    (no ring)
MPRegen 0.10/turn

%: no passive effects
@: no status effects
A: permanent stasis, dig shafts and tunnels, antennae 3, four strong arms
a: Dig, Shaft Self


You were on level 5 of the Dungeon.
You visited 1 branch of the dungeon, and saw 4 of its levels.

You collected 172 gold pieces.

Inventory:

Hand Weapons
 a - a +1 war axe (weapon)
Armour
 b - a +0 scale mail (worn)
 c - a +0 buckler (worn)
Scrolls
 g - a scroll of identify
 j - a scroll of magic mapping
 m - a scroll of fear
Potions
 d - a potion of might
 e - a potion of mutation
 f - a potion of curing {unknown}
 h - 2 potions of berserk rage {unknown}
 i - a potion of brilliance {unknown}
 k - 2 potions of heal wounds {unknown}
 l - a potion of lignification {unknown}
 n - a potion of attraction {unknown}
 o - a potion of flight {unknown}


   Skills:
 + Level 4.4 Fighting
 + Level 4.6 Axes
 + Level 4.2 Armour
 + Level 1.5 Dodging
 + Level 0.6 Stealth
 + Level 4.9 Shields


You had 5 spell levels left.
You didn't know any spells.
Your spell library was empty.

Dungeon Overview and Level Annotations

Branches:
Dungeon (3/15)

Altars:
Qazlal

Shops:
D:2 ?

Annotations:
D:5 Ijyb


Innate Abilities, Weirdness & Mutations

You cannot be hasted, slowed, berserked, paralysed or teleported.
You can dig through walls and to a lower floor.
You have a pair of large antennae on your head. (SInv)
Your four strong arms can wield two-handed weapons with a shield.


Message History

The phantom is lightly damaged.
You closely miss Ijyb. The phantom hits you. Ijyb hits you but does no damage.
The phantom hits you.
Ijyb zaps a wand.
The puff of flame hits you!
You closely miss the phantom.
The phantom is lightly damaged.
You barely miss Ijyb.
The phantom hits you but does no damage.
Ijyb closely misses you.
You hit the phantom.
The phantom is moderately damaged.
You miss Ijyb.
The phantom hits you but does no damage.
Ijyb hits you with a +0 club.
Unknown command.
You slash the phantom!
The phantom is severely damaged.
You barely miss Ijyb.
The phantom hits you but does no damage.
Ijyb zaps a wand.
The puff of flame hits you! The phantom hits you.
Ijyb zaps a wand.
The puff of flame misses you.
You closely miss the phantom.
The phantom is severely damaged.
You hit Ijyb but do no damage.
The phantom hits you but does no damage.
Ijyb hits you with a +0 club.
You slash the phantom!
You destroy the phantom!
You closely miss Ijyb. Ijyb hits you with a +0 club.
* * * LOW HITPOINT WARNING * * *
You block Ijyb's attack.
Unknown command.
You hit Ijyb.
Ijyb is heavily wounded.
Ijyb hits you with a +0 club!
* * * LOW HITPOINT WARNING * * *
Ijyb barely misses you.
You completely miss Ijyb.
Ijyb is heavily wounded.
Ijyb zaps a wand.
The puff of flame hits you.
You die...

##....# #.# #
######..#..# #.# #
........#..#### #.# #
####....#...... #.# #
............... ..# #
...####.##.#.#.#########
### ###.##.#.# ##.......
#..!.....# #.######
#)g@##.#... # #...# # #
#...# # #...# # #...# #
..... { . ###### # # #


You could see Ijyb (strong).

Vanquished Creatures
  Sigmund (D:3)
  A phantom (D:5)
  Robin (D:2)
  2 adders
  2 worms (D:2)
  A dart slug (D:3)
  5 ball pythons
  5 bats
  6 endoplasms
  2 giant cockroaches (D:2)
  12 goblins
  8 hobgoblins
  3 jackals (D:1)
  6 kobolds
  2 frilled lizards
  4 rats (D:1)
61 creatures vanquished.

Notes
Turn   | Place    | Note
-------+----------+-------------------------------------------
     0 | D:1      | lonewolfV2 the Formicid Fighter began the quest for the
                  | Orb.
     0 | D:1      | Reached XP level 1. HP: 18/18 MP: 1/1
   137 | D:1      | Reached XP level 2. HP: 18/24 MP: 2/2
   710 | D:1      | Reached XP level 3. HP: 29/29 MP: 3/3
  1220 | D:2      | Found a stormy altar of Qazlal.
  1243 | D:2      | Noticed Robin
  1251 | D:2      | Killed Robin
  1252 | D:2      | Reached XP level 4. HP: 15/37 MP: 4/4
  1569 | D:2      | Reached skill level 1 in Dodging
  1641 | D:2      | Found Kum Etol's Magic Scroll Shop.
  2213 | D:3      | Noticed Sigmund
  2236 | D:3      | Killed Sigmund
  2237 | D:3      | Reached XP level 5. HP: 10/43 MP: 5/5
  2237 | D:3      | Reached XP level 6. HP: 12/49 MP: 6/6
  2743 | D:3      | Identified the +5 dagger "Beetlebane" {freeze, Will+
                  | Stlth+}
  2794 | D:3      | You fall into a shaft and drop 2 floors!
  2794 | D:5      | Entered Level 5 of the Dungeon
  2884 | D:5      | Noticed Ijyb
  2904 | D:5      | Killed from afar by Ijyb

Illustrated notes

Levels and vault maps discovered:
D:1:      wander_arrival_estate, layout_basic
D:2:      layout_basic, basic_altar, serial_shops, shop,
          nicolae_figureground_pulse, uniq_robin
D:3:      cheibrodos_fertilizer, layout_loops_ring, uniq_sigmund, uniq_terence
D:5:      layout_basic, guppyfry_early_orc_mine, uniq_ijyb

Skill      XL: |  1  2  3  4 |
---------------+-------------+-----
Axes           | 4 |  4.6
Dodging        | 1 |  1.5
Fighting       | 4 |  4.4
Armour         | 4 |  4.2
Stealth        | |  0.6
Shields        | |  4.9

Action                     |  1- 3 |  4- 6 || total
---------------------------+-------+-------++-------
  Melee: War axe           |    81 |    83 ||   164
    Use: Scroll            |     6 |     3 ||     9
 Armour: Scale mail        |    54 |    30 ||    84
  Dodge: Dodged            |    52 |    34 ||    86
  Block: Buckler           |    34 |    18 ||    52
